 Dungeon Crawl Stone Soup version 0.23.2-40-g277498a001 (webtiles) character file.

Game seed: 124238789937870110

47 Descartes the Insei (level 3, -1/20 HPs)
             Began as a Vine Stalker Monk on Oct 13, 2019.
             Slain by a jackal (2 damage)
             ... on level 2 of the Dungeon.
             The game lasted 00:03:15 (2130 turns).

Descartes the Insei (Vine Stalker Monk)             Turns: 2130, Time: 00:03:17

Health: -1/20      AC:  5    Str: 13    XL:     3   Next: 70%
Magic:  0/4        EV: 13    Int: 16    God:
Gold:   43         SH:  0    Dex: 17    Spells: 2/2 levels left

rFire    . . .     SeeInvis .     - Unarmed
rCold    . . .     Gourm    .   (no shield)
rNeg     . . .     Faith    .   a - +0 robe
rPois    .         Spirit   +   l - +2 hat
rElec    .         Reflect  .   c - +0 cloak
rCorr    .         Harm     .   (no gloves)
MR       .....                  (no boots)
Stlth    ++........             (no amulet)
HPRegen  0.06/turn              d - +6 ring of intelligence
MPRegen  0.09/turn              (no ring)

@: lethally poisoned (-1 -> -7)
A: fangs 2, magic shield, antimagic bite, no potion heal 3, rot immunity
a: no special abilities


You were on level 2 of the Dungeon.
You were not hungry.

You visited 1 branch of the dungeon, and saw 2 of its levels.

You collected 43 gold pieces.

Inventory:

Missiles
 g - 13 arrows
 k - 28 stones (quivered)
Armour
 a - a +0 robe (worn)
 c - a +0 cloak (worn)
 l - a +2 hat (worn)
Jewellery
 d - a +6 ring of intelligence (left hand)
Scrolls
 e - a scroll of enchant weapon {unknown}
 f - 2 scrolls of enchant armour {unknown}
 j - a scroll of identify {unknown}
 p - a scroll of remove curse {unknown}
Potions
 h - 2 potions of degeneration {unknown}
 i - a potion of magic {unknown}
 m - a potion of haste {unknown}
 o - a potion of brilliance {unknown}
Comestibles
 b - a chunk of flesh
 n - 2 rations


   Skills:
 + Level 3.0 Fighting
 - Level 0.1 Armour
 + Level 2.8 Dodging
 + Level 3.0 Stealth
 * Level 3.6 Unarmed Combat


You had 2 spell levels left.
You didn't know any spells.
Your spell library was empty.

Dungeon Overview and Level Annotations

Branches:
Dungeon (2/15)

Altars:


Innate Abilities, Weirdness & Mutations

You have extremely sharp teeth.
When hurt, damage is shared between your health and your magic reserves.
Your bite disrupts and absorbs the magic of your enemies.
Potions cannot restore your health.
You are immune to rotting.


Message History

You feel sick.
The kobold hits you with a +0 short sword.
* * * LOW HITPOINT WARNING * * *
The jackal bites you but does no damage.
The adder barely misses you.
You closely miss the adder. You bite the adder.
You kill the adder!
Your Fighting skill increases to level 3!
Your Stealth skill increases to level 3!
* * * LOW HITPOINT WARNING * * *
You feel sick.
The jackal bites you but does no damage.
The kobold barely misses you.
You hit the jackal.
The jackal is almost dead.
The jackal closely misses you.
The kobold hits you with a +0 short sword.
* * * LOW HITPOINT WARNING * * *
The jackal bites you.
You die...

#.##.[..........
#.##........####
#.##........#
######.##........#### ##
#....#.##............
...#.##.#.##............
##.......(##............
>.....K.................
......h@#.###...........
...###)##.# #.####....#.
. ... .:..............
######..# .####....#.
.... .........<.
##.#..#..#...... .#.
#..#.##.## ......##..
.#.<#. ##.


You could see a jackal and a kobold.

Vanquished Creatures
  An adder (D:2)
  A dart slug (D:1)
  A ball python (D:2)
  6 bats
  2 giant cockroaches
  4 goblins
  4 hobgoblins
  5 jackals
  4 kobolds
  A frilled lizard (D:1)
  3 rats
32 creatures vanquished.

Notes
Turn   | Place    | Note
-------+----------+-------------------------------------------
     0 | D:1      | Descartes the Vine Stalker Monk began the quest for the
                  | Orb.
     0 | D:1      | Reached XP level 1. HP: 11/11 MP: 2/2
   353 | D:1      | Reached XP level 2. HP: 8/16 MP: 3/3
  1797 | D:2      | Reached XP level 3. HP: 17/19 MP: 4/4
  2130 | D:2      | HP: 1/20 [kobold/+0 short sword (4)]
  2130 | D:2      | Slain by a jackal

Skill      XL: |  1  2  3 |
---------------+----------+-----
Fighting       | 3 |  3.0
Stealth        | 3 |  3.0
Armour         | |  0.1
Dodging        | |  2.8
Unarmed Combat | |  3.6

Action                   || total
-------------------------++-------
Melee: Unarmed           ||    89
       Bite              ||    22
 Stab: Sleeping          ||     6
       Distracted        ||     1
  Eat: Ration            ||     1
       Chunk             ||     1
Armor: Robe              ||    33
Dodge: Dodged            ||    83
